 Dungeon Crawl Stone Soup version 0.29.0-4-gdea44cf6ec (webtiles) character file.

Game seed: 17742858156510698887

9 qw the Sneak (level 2, -3/19 HPs)
             Began as a Gargoyle Delver on Sept 10, 2022.
             Killed by nerve-wracking pain
             ... invoked by an orc priest
              (7 damage)
             ... on level 5 of the Dungeon.
             The game lasted 00:00:06 (153 turns).

qw the Sneak (Gargoyle Delver)                       Turns: 153, Time: 00:00:07

Health: -3/19      AC:  5    Str: 15    XL:     2   Next: 12%
Magic:  2/2        EV: 11    Int: 10    God:
Gold:   14         SH:  0    Dex: 11    Spells: 1/1 levels left

rFire   . . .      SeeInvis .   a - +0 hand axe
rCold   . . .      Faith    .   (no shield)
rNeg    + . .      Spirit   .   b - +0 leather armour
rPois   inf        Reflect  .   (no helmet)
rElec   +          Harm     .   (no cloak)
rCorr   .          Rampage  .   (no gloves)
Will    .....                   (no boots)
Stlth   +++.......              (no amulet)
HPRegen 0.06/turn               (no ring)
MPRegen 0.08/turn               (no ring)

@: no status effects
A: sickness immunity, AC +2, negative energy resistance 1, electricity
resistance, torment resistance 1, petrification resistance
a: no special abilities


You were on level 5 of the Dungeon.
You visited 1 branch of the dungeon, and saw 1 of its levels.

You collected 14 gold pieces.


Innate Abilities, Weirdness & Mutations

You are immune to sickness and miasma.
Your stone body is resilient. (AC +2)
You are immune to poison.
You resist negative energy. (rN+)
You are resistant to electric shocks. (rElec)
You are resistant to unholy torment.
You are immune to petrification.


   Skills:
 - Level 3.2 Fighting
 + Level 2.5 Axes
 - Level 1.5 Dodging
 - Level 5.4 Stealth


You had one spell level left.
You didn't know any spells.
Your spell library was empty.

Inventory:

Hand Weapons
 a - a +0 hand axe (weapon)
Armour
 b - a +0 leather armour (worn)
Wands
 g - a wand of digging (3)
Potions
 f - a potion of haste
 h - a potion of lignification {unknown}

Dungeon Overview and Level Annotations

Branches:
Dungeon (5/15)
 Temple: D:4-7

Altars:


Message History

You kill the adder!
Your Axes skill increases to level 2!
You have reached level 2!
You start resting.
HP restored.
Things that are here:
a scroll of fear; a scroll of magic mapping; a scroll of fog An orc priest comes into view.
It is wielding a +0 short sword.
An orc priest is nearby!
An orc priest is nearby!
144 ||| Stepping randomly (stuck).
An orc priest is nearby!
An orc priest is nearby!
145 ||| Stepping randomly (stuck).
An orc priest is nearby!
An orc priest is nearby!
146 ||| Stepping randomly (stuck).
An orc priest is nearby!
An orc priest is nearby!
147 ||| Stepping randomly (stuck).
An orc priest is nearby!
An orc priest is nearby!
148 ||| Stepping randomly (stuck).
Things that are here:
a scroll of fear; a scroll of magic mapping; a scroll of fog An orc priest is nearby!
An orc priest is nearby!
149 ||| Stepping randomly (stuck).
You hit the orc priest.
The orc priest is moderately wounded.
The orc priest hits you with a +0 short sword.
You barely miss the orc priest.
The orc priest is moderately wounded.
The orc priest calls down the wrath of Beogh upon you.
Beogh smites you!
Ouch! That really hurt!
You closely miss the orc priest.
The orc priest is moderately wounded.
The orc priest calls down the wrath of Beogh upon you.
Pain shoots through your body!
You die...

#### #..## #...##
##....########
#..#%.####...#
####.##.?###....#
#.....#.@###....#
#.....#.o##..#...
#.....##..#..##..
#####.###....###.
#.####...###.
#.##.######
######..#.#
#.........#
##.........##


You could see an orc priest.

Vanquished Creatures
  An adder (D:5)
1 creature vanquished.

Notes
Turn   | Place    | Note
-------+----------+-------------------------------------------
     0 | D:5      | qw the Gargoyle Delver began the quest for the Orb.
     0 | D:5      | Reached XP level 1. HP: 14/14 MP: 1/1
     0 | D:5      | 0 ||| qw: Version: 0.1-a-116-g5d60599
     0 | D:5      | 0 ||| qw: Game counter: 8359
     0 | D:5      | 0 ||| qw: Always use a shield: true
     0 | D:5      | 0 ||| qw: God list: Okawaru
     0 | D:5      | 0 ||| qw: Allow faded altars: false
     0 | D:5      | 0 ||| qw: Do Orc after D:15 true
     0 | D:5      | 0 ||| qw: Do second Lair branch before Depths: true
     0 | D:5      | 0 ||| qw: Lair rune preference: random
     0 | D:5      | 0 ||| qw: Plans: Normal
     0 | D:5      | 0 ||| PLANNING D:1-11
    29 | D:5      | 29 ||| DROPPING scroll of fog.
    30 | D:5      | 30 ||| DROPPING scroll of magic mapping.
    31 | D:5      | 31 ||| DROPPING scroll of fear.
    32 | D:5      | 32 ||| Stepping randomly (stuck).
    33 | D:5      | 33 ||| Stepping randomly (stuck).
    49 | D:5      | Reached XP level 2. HP: 13/19 MP: 2/2
   144 | D:5      | 144 ||| Stepping randomly (stuck).
   145 | D:5      | 145 ||| Stepping randomly (stuck).
   146 | D:5      | 146 ||| Stepping randomly (stuck).
   147 | D:5      | 147 ||| Stepping randomly (stuck).
   148 | D:5      | 148 ||| Stepping randomly (stuck).
   149 | D:5      | 149 ||| Stepping randomly (stuck).
   152 | D:5      | HP: 4/19 [orc priest/divine providence (10)]
   153 | D:5      | Killed from afar by an orc priest

Levels and vault maps discovered:
D:5:      layout_rooms, hangedman_glass_teeth

Skill      XL: |  1 |
---------------+----+-----
Axes           | 2 |  2.5
Fighting       | |  3.2
Dodging        | |  1.5
Stealth        | |  5.4

Action                   || total
-------------------------++-------
Melee: Hand axe          ||    14
Armor: Leather armour    ||     6
Dodge: Dodged            ||     7

Table legend:
 A = Non-vault XP
 B = Vault XP
 C = Vault XP percentage of total XP
 D = Non-vault monster count
 E = Vault monster count
 F = Vault count percentage of total count
                 A         B        C        D         E       F
            +---------+---------+-------+---------+---------+-------
      Total |      13 |       0 |   0.0 |       1 |       0 |   0.0
            +---------+---------+-------+---------+---------+-------
        D:5 |      13 |       0 |   0.0 |       1 |       0 |   0.0
            +---------+---------+-------+---------+---------+-------
